 Dungeon Crawl Stone Soup version 0.32-a0-931-g5a2cda0630 (webtiles) character file.

Game seed: 17977012968651106788

44 Biggs the Sneak (level 3, -6/18 HPs)
             Began as a Vine Stalker Brigand on Apr 14, 2024.
             Mangled by an orc priest
             ... wielding a +2 flail of protection
              (9 damage)
             ... on level 3 of the Dungeon.
             The game lasted 00:03:01 (521 turns).

Biggs the Sneak (Vine Stalker Brigand)               Turns: 521, Time: 00:03:01

Health: -6/18      AC:  3    Str: 13    XL:     3   Next: 62%
Magic:  0/4        EV: 10    Int: 11    God:
Gold:   42         SH:  0    Dex: 17    Spells: 2/2 levels left

rFire   . . .        a - +2 dagger
rCold   . . .        (no shield)
rNeg    . . .        b - +0 robe
rPois   .            (no helmet)
rElec   .            c - +0 cloak
rCorr   .            (no gloves)
SInv    .            (no boots)
Will    .....        (no amulet)
Stlth   +++          (no ring)
HPRegen 1.03/turn    (no ring)
MPRegen 0.09/turn

%: guardian spirit
@: no status effects
A: fangs 2, regeneration 1, magic shield, antimagic bite, no potion heal 2
a: Convert to Beogh


You were on level 3 of the Dungeon.
You visited 1 branch of the dungeon, and saw 3 of its levels.

You collected 42 gold pieces.

Inventory:

Hand Weapons
 a - a +2 dagger (weapon)
Missiles
 d - 9 poisoned darts (quivered)
 e - 3 curare-tipped darts
Armour
 b - a +0 robe (worn)
 c - a +0 cloak (worn)
Scrolls
 f - 2 scrolls of teleportation {unknown}
 g - a scroll of vulnerability {unknown}
 i - a scroll of enchant armour {unknown}
 j - a scroll of identify {unknown}
Potions
 h - a potion of heal wounds {unknown}


   Skills:
 - Level 1.7 Fighting
 + Level 3.5 Short Blades
 - Level 1.7 Throwing
 - Level 0.7 Dodging
 - Level 4.8 Stealth


You had 2 spell levels left.
You didn't know any spells.
Your spell library was empty.

Dungeon Overview and Level Annotations

Branches:
Dungeon (3/15)

Altars:


Innate Abilities, Weirdness & Mutations

You have extremely sharp teeth.
Your natural rate of healing is unusually fast.
When hurt, damage is shared between your health and your magic reserves.
Your bite disrupts and absorbs the magic of your enemies.
Potions cannot restore your health.


Message History

You hit the orc priest but do no damage.
Your bite misses the orc priest.
The orc priest is heavily wounded.
The hobgoblin barely misses you. The orc hits you with a +0 hand axe.
The orc priest calls down the wrath of Beogh upon you.
Beogh smites you!
Unknown command.
You hit the orc priest but do no damage.
You bite the orc priest. You drain its power.
You feel invigorated.
The orc priest is severely wounded.
The orc priest shouts, "The Pantheon deserves no one's loyalty.
Let us show you the true path!" The hobgoblin hits you.
The orc hits you with a +0 hand axe. x2
* * * LOW HITPOINT WARNING * * *
The orc priest closely misses you. The orc barely misses you.
The orc priest hits you with a +2 flail of protection.
* * * LOW HITPOINT WARNING * * *
Unknown command.
Unknown command.
You hit the orc priest but do no damage.
The orc priest is severely wounded.
The orc closely misses you. The orc priest barely misses you.
The hobgoblin hits you.
* * * LOW HITPOINT WARNING * * *
The orc throws a boomerang.
The boomerang hits you.
* * * LOW HITPOINT WARNING * * *
Unknown command.
You closely miss the orc priest. Your bite misses the orc priest.
The orc priest is severely wounded.
The orc closely misses you.
Unknown command.
Unknown command.
You hit the orc priest but do no damage.
You bite the orc priest, but do no damage.
The orc priest is severely wounded.
The orc priest shouts, "Surrender to Beogh and we'll let you live!"
The hobgoblin barely misses you.
The orc priest hits you with a +2 flail of protection!
Ouch! That really hurt!
You die...

########### .
#..o.o....# ..
#..o.@....###
..g#########g..goo.)...#
...J.o)...).####.......#
..o########.# #.....†.#
.. ..# #.......# o .###
#.......# #. #......<# .
#.......# ## #+##....+


You could see an orc priest, 4 orcs and 2 hobgoblins.

Vanquished Creatures
  2 adders (D:2)
  A dart slug (D:3)
  A ribbon worm (D:2)
  An orc (D:3)
  2 ball pythons
  2 endoplasms (D:1)
  4 goblins
  2 hobgoblins
  A quokka (D:2)
  3 bats
  A frilled lizard (D:2)
  2 rats (D:2)
22 creatures vanquished.

Notes
Turn   | Place    | Note
-------+----------+-------------------------------------------
     0 | D:1      | Biggs the Vine Stalker Brigand began the quest for the Orb.
     0 | D:1      | Reached XP level 1. HP: 11/11 MP: 2/2
   134 | D:1      | You fall into a shaft and drop 1 floor!
   145 | D:2      | Reached XP level 2. HP: 15/15 MP: 1/3
   239 | D:2      | Reached XP level 3. HP: 12/18 MP: 4/4
   521 | D:3      | Mangled by an orc priest

Illustrated notes

Levels and vault maps discovered:
D:1:      eino_arrival_water_cross, layout_loops_corners, st_stairs_8,
          minmay_lizard_pond
D:2:      layout_loops_ring
D:3:      layout_basic, general_overflow_altar, dk_noncrumbling_2, uniq_jessica

Skill      XL: |  1  2 |
---------------+-------+-----
Short Blades   | 2 3 |  3.5
Fighting       | |  1.7
Throwing       | |  1.7
Dodging        | |  0.7
Stealth        | |  4.8

Action                     || total
---------------------------++-------
  Melee: Dagger            ||    69
         Bite              ||    15
   Stab: Sleeping          ||     7
 Armour: Robe              ||    50
  Dodge: Dodged            ||    44

Table legend: (Time is in decaauts)
 A = Elapsed time spent in this place.
 B = Non-inter-level travel time spent in this place.
 C = Inter-level travel time spent in this place.
 D = Time resting spent in this place.
 E = Time spent auto-exploring this place.
 F = Levels seen in this place.
 G = Mean time per level.
                   A        B        C        D        E       F      G
               +--------+--------+--------+--------+--------+-----+--------+
         Total |    509 |    509 |      0 |      0 |      0 |   3 |  169.7 |
       Dungeon |    509 |    509 |      0 |      0 |      0 |   3 |  169.7 |
               +--------+--------+--------+--------+--------+-----+--------+

Top non-repeatable levels by time:
     D:2: 315 daAuts
     D:1: 132 daAuts
     D:3: 61 daAuts
